TOP OF THE 1ST |
Ithaca Fighting Imps batting - Pitching for Ft. Polk South Thunder Hawks : LHP Wynn Kelley
|
Pitching: LHP Wynn Kelley
|
|
Batting: RHB Daryl Pethick
|
0-0: Ball 1-0: Ball 2-0: Called Strike 2-1: SINGLE (Groundball, 6, EV 83.8 MPH) (infield hit)
|
Batting: SHB Paul Wood
|
0-0: Called Strike 0-1: Ball 1-1: Ball 2-1: Ball 3-1: Base on Balls Daryl Pethick to second
|
Batting: RHB Carlos Valle
|
0-0: SINGLE (Line Drive, 4M, EV 103.8 MPH) Daryl Pethick to third Paul Wood to second
|
Batting: RHB Andy Hicks
|
0-0: Ball 1-0: Ball 2-0: Called Strike 2-1: SINGLE (Groundball, 4S, EV 73.1 MPH) (infield hit) Daryl Pethick scores Paul Wood to third Carlos Valle to second
|
Batting: SHB Da-xia Hui
|
0-0: Ball 1-0: Ball 2-0: Called Strike 2-1: Foul Ball, location: 2F 2-2: Foul Ball, location: 2F 2-2: Strikes out swinging
|
Batting: RHB Pedro Costa
|
0-0: SINGLE (Groundball, 34D, EV 94.4 MPH) Paul Wood scores Carlos Valle to third Andy Hicks to second
|
Batting: LHB Robbie Care
|
0-0: Called Strike 0-1: Fly out, F8 (Flyball, 8RM, EV 94.4 MPH) Runner from 3rd tags up, SCORES, throw by CF
|
Batting: LHB Pedro Gonzáles
|
0-0: Called Strike 0-1: Ball 1-1: Fly out, F7 (Flyball, 78S, EV 78.1 MPH)
|
Top of the 1st over - 3 runs, 4 hits, 0 errors, 2 left on base; Ithaca 3 - Ft. Polk South 0 |
BOTTOM OF THE 1ST |
Ft. Polk South Thunder Hawks batting - Pitching for Ithaca Fighting Imps : LHP Armando González
|
Pitching: LHP Armando González
|
|
Batting: LHB Don Clark
|
0-0: Called Strike 0-1: Ball 1-1: Ball 2-1: Foul Ball, location: 2F 2-2: Ball 3-2: Base on Balls
|
Batting: LHB Remco Mastenbroek
|
0-0: Called Strike 0-1: Swinging Strike 0-2: Ball 1-2: Ball 2-2: Ball 3-2: SINGLE (Groundball, 34D, EV 101.2 MPH) Don Clark to second Runner from 2nd tries for 3rd, SAFE, throw by RF made to third
|
Batting: RHB Wendel Koudstaal
|
0-0: Ball 1-0: Called Strike 1-1: Foul Ball, location: 2F 1-2: Ball 2-2: Fly out, F5 (Popup, 5F, EV 75.0 MPH)
|
Batting: LHB Anton Zdravomyslov
|
0-0: Ball 1-0: Called Strike 1-1: Foul Ball, location: 2F 1-2: Ball Pickoff Throw by Catcher to First - Out! 2-2: Strikes out swinging
|
Bottom of the 1st over - 0 runs, 1 hit, 0 errors, 1 left on base; Ithaca 3 - Ft. Polk South 0 |
TOP OF THE 2ND |
Ithaca Fighting Imps batting - Pitching for Ft. Polk South Thunder Hawks : LHP Wynn Kelley
|
Batting: RHB Bob Sims
|
0-0: Foul Ball, location: 2F 0-1: Called Strike 0-2: Ball 1-2: Ball 2-2: Fly out, F7 (Flyball, 7S, EV 86.9 MPH)
|
Batting: RHB Daryl Pethick
|
0-0: Ball 1-0: Swinging Strike 1-1: Ball 2-1: SINGLE (Groundball, 6MD, EV 97.5 MPH)
|
Batting: SHB Paul Wood
|
0-0: Ball 1-0: Ball 2-0: Called Strike 2-1: Foul Ball, location: 2F 2-2: Foul Ball, location: 2F 2-2: Reached on error, E8 (Line Drive, 8LM, EV 98.8 MPH) Daryl Pethick to second
|
Batting: RHB Carlos Valle
|
0-0: Ball 1-0: Foul Ball, location: 2F 1-1: Foul Ball, location: 2F 1-2: Ball 2-2: Fielders Choice at 2nd, 4-6 (Groundball, 4, EV 85.0 MPH) Daryl Pethick to third
|
Batting: RHB Andy Hicks
|
0-0: Ball 1-0: Foul Ball, location: 2F 1-1: Foul Ball, location: 2F 1-2: Foul Ball, location: 2F 1-2: Ball 2-2: Foul Ball, location: 2F 2-2: Ball 3-2: Base on Balls Carlos Valle to second
|
Batting: SHB Da-xia Hui
|
0-0: Ball 1-0: Foul Ball, location: 2F 1-1: Swinging Strike 1-2: Ball 2-2: Strikes out swinging
|
Top of the 2nd over - 0 runs, 1 hit, 1 error, 3 left on base; Ithaca 3 - Ft. Polk South 0 |
BOTTOM OF THE 2ND |
Ft. Polk South Thunder Hawks batting - Pitching for Ithaca Fighting Imps : LHP Armando González
|
Batting: LHB Gabriel Obregón
|
0-0: Ball 1-0: Ball 2-0: Ball 3-0: Called Strike 3-1: Swinging Strike 3-2: Fly out, F8 (Flyball, 8RS, EV 91.2 MPH)
|
Batting: SHB Tomás Gálvez
|
0-0: Ball 1-0: Ball 2-0: Called Strike 2-1: Foul Ball, location: 2F 2-2: Foul Ball, location: 2F 2-2: Ball 3-2: Foul Ball, location: 2F 3-2: SINGLE (Line Drive, 9S, EV 86.9 MPH)
|
Batting: RHB Xavier Botín
|
0-0: Foul Ball, location: 2F 0-1: Ball 1-1: Ball 2-1: Grounds into double play, 4-6-3 (Groundball, 34, EV 101.2 MPH)
|
Bottom of the 2nd over - 0 runs, 1 hit, 0 errors, 0 left on base; Ithaca 3 - Ft. Polk South 0 |
TOP OF THE 3RD |
Ithaca Fighting Imps batting - Pitching for Ft. Polk South Thunder Hawks : LHP Wynn Kelley
|
Batting: RHB Pedro Costa
|
0-0: Ball 1-0: Foul Ball, location: 2F 1-1: Foul Ball, location: 2F 1-2: Ball 2-2: Foul Ball, location: 2F 2-2: Strikes out looking
|
Batting: LHB Robbie Care
|
0-0: Called Strike 0-1: Foul Ball, location: 2F 0-2: Strikes out swinging
|
Batting: LHB Pedro Gonzáles
|
0-0: Called Strike 0-1: Called Strike 0-2: Foul Ball, location: 2F 0-2: Ball 1-2: SINGLE (Groundball, 4, EV 77.5 MPH) (infield hit)
|
Batting: RHB Bob Sims
|
0-0: Ball 1-0: Called Strike 1-1: Ball 2-1: Ball 3-1: Called Strike 3-2: Foul Ball, location: 2F 3-2: Ground out 1-3 (Groundball, P, EV 83.1 MPH)
|
Top of the 3rd over - 0 runs, 1 hit, 0 errors, 1 left on base; Ithaca 3 - Ft. Polk South 0 |
BOTTOM OF THE 3RD |
Ft. Polk South Thunder Hawks batting - Pitching for Ithaca Fighting Imps : LHP Armando González
|
Batting: RHB Tora Tora
|
0-0: SINGLE (Line Drive, 8RS, EV 95.6 MPH)
|
Batting: RHB Raúl Colomo
|
0-0: Ball 1-0: Called Strike 1-1: Called Strike 1-2: Ball 2-2: Strikes out swinging
|
Batting: LHB Don Clark
|
0-0: Called Strike 0-1: Fielders Choice at 2nd, 5-4 (Groundball, 56, EV 96.9 MPH)
|
Batting: LHB Remco Mastenbroek
|
0-0: Ball 1-0: Called Strike 1-1: Foul Ball, location: 2F 1-2: Ball 2-2: Ball 3-2: Foul Ball, location: 2F 3-2: Fly out, F7 (Flyball, 7LM, EV 93.8 MPH)
|
Bottom of the 3rd over - 0 runs, 1 hit, 0 errors, 1 left on base; Ithaca 3 - Ft. Polk South 0 |
TOP OF THE 4TH |
Ithaca Fighting Imps batting - Pitching for Ft. Polk South Thunder Hawks : LHP Wynn Kelley
|
Pitching: RHP Scott Richardson
|
|
Batting: RHB Daryl Pethick
|
0-0: Ball 1-0: Swinging Strike 1-1: Foul Ball, location: 2F 1-2: Ball 2-2: Ball 3-2: Strikes out looking
|
Batting: SHB Paul Wood
|
0-0: Ball 1-0: SOLO HOME RUN (Flyball, 9D, EV 101.9 MPH), Distance : 357 ft
|
Batting: RHB Carlos Valle
|
0-0: Foul Ball, location: 2F 0-1: Swinging Strike 0-2: Foul Ball, location: 2F 0-2: Strikes out swinging
|
Batting: RHB Andy Hicks
|
0-0: Foul Ball, location: 2F 0-1: Ball 1-1: Ball 2-1: Swinging Strike 2-2: Foul Ball, location: 2F 2-2: Strikes out looking
|
Top of the 4th over - 1 run, 1 hit, 0 errors, 0 left on base; Ithaca 4 - Ft. Polk South 0 |
BOTTOM OF THE 4TH |
Ft. Polk South Thunder Hawks batting - Pitching for Ithaca Fighting Imps : LHP Armando González
|
Batting: RHB Wendel Koudstaal
|
0-0: SINGLE (Groundball, 4D, EV 90.6 MPH) (infield hit)
|
Batting: LHB Anton Zdravomyslov
|
0-0: Ball 1-0: Swinging Strike 1-1: Ball Wendel Koudstaal steals 2nd base 2-1: 2-RUN HOME RUN (Flyball, 9D, EV 102.5 MPH), Distance : 352 ft
|
Batting: LHB Gabriel Obregón
|
0-0: Ball 1-0: Swinging Strike 1-1: Called Strike 1-2: Ball 2-2: Ball 3-2: Strikes out swinging
|
Batting: SHB Tomás Gálvez
|
0-0: Swinging Strike 0-1: Swinging Strike 0-2: Ball 1-2: Ball 2-2: Foul Ball, location: 2F 2-2: Strikes out swinging
|
Batting: RHB Xavier Botín
|
0-0: Ball 1-0: Fly out, F8 (Flyball, 8RD, EV 103.8 MPH)
|
Bottom of the 4th over - 2 runs, 2 hits, 0 errors, 0 left on base; Ithaca 4 - Ft. Polk South 2 |
TOP OF THE 5TH |
Ithaca Fighting Imps batting - Pitching for Ft. Polk South Thunder Hawks : RHP Scott Richardson
|
Batting: SHB Da-xia Hui
|
0-0: Ball 1-0: Foul Ball, location: 2F 1-1: Ball 2-1: Swinging Strike 2-2: Strikes out swinging
|
Batting: RHB Pedro Costa
|
0-0: Swinging Strike 0-1: Ball 1-1: Foul Ball, location: 2F 1-2: Strikes out swinging, 2-3 out at first.
|
Batting: LHB Robbie Care
|
0-0: Ball 1-0: Called Strike 1-1: Swinging Strike 1-2: Ball 2-2: Ball 3-2: Base on Balls
|
Batting: LHB Pedro Gonzáles
|
0-0: Ball 1-0: Called Strike 1-1: Called Strike 1-2: Foul Ball, location: 2F 1-2: Foul Ball, location: 2F 1-2: Foul Ball, location: 2F 1-2: Foul Ball, location: 2F 1-2: Ball 2-2: Foul Ball, location: 2F 2-2: Ball 3-2: Base on Balls Robbie Care to second
|
Batting: RHB Bob Sims
|
0-0: Called Strike 0-1: Foul Ball, location: 2F 0-2: Ball 1-2: DOUBLE (Groundball, 5L, EV 96.2 MPH) Robbie Care scores Pedro Gonzáles to third
|
Batting: RHB Daryl Pethick
|
0-0: Called Strike 0-1: Foul Ball, location: 2F 0-2: Ball 1-2: Strikes out swinging
|
Top of the 5th over - 1 run, 1 hit, 0 errors, 2 left on base; Ithaca 5 - Ft. Polk South 2 |
BOTTOM OF THE 5TH |
Ft. Polk South Thunder Hawks batting - Pitching for Ithaca Fighting Imps : LHP Armando González
|
Batting: RHB Tora Tora
|
0-0: Ball 1-0: Ball 2-0: Fly out, F8 (Flyball, 78D, EV 85.6 MPH)
|
Batting: RHB Raúl Colomo
|
0-0: Called Strike 0-1: Foul Ball, location: 2F 0-2: Ball 1-2: Ball 2-2: Foul Ball, location: 2F 2-2: Ball 3-2: Base on Balls
|
Batting: LHB Don Clark
|
0-0: Ball 1-0: Ball 2-0: Fly out, F7 (Line Drive, 7D, EV 101.9 MPH)
|
Batting: LHB Remco Mastenbroek
|
0-0: Ball Raúl Colomo steals 2nd, throwing error, E2 Raúl Colomo to third 1-0: Called Strike 1-1: Swinging Strike 1-2: Foul Ball, location: 2F 1-2: Foul Ball, location: 2F 1-2: Strikes out swinging
|
Bottom of the 5th over - 0 runs, 0 hits, 1 error, 1 left on base; Ithaca 5 - Ft. Polk South 2 |
TOP OF THE 6TH |
Ithaca Fighting Imps batting - Pitching for Ft. Polk South Thunder Hawks : RHP Scott Richardson
|
Batting: SHB Paul Wood
|
0-0: Ball 1-0: Called Strike 1-1: SINGLE (Line Drive, 9S, EV 86.2 MPH)
|
Pitching: RHP Zack Coffey
|
|
Batting: RHB Carlos Valle
|
0-0: Ball Paul Wood steals 2nd base 1-0: Ball 2-0: Called Strike 2-1: Ball 3-1: Ground out 4-3 (Groundball, 4, EV 90.6 MPH) Paul Wood to third
|
Batting: RHB Andy Hicks
|
0-0: Called Strike 0-1: Ball 1-1: Swinging Strike 1-2: Strikes out swinging, 2-3 out at first.
|
Batting: SHB Da-xia Hui
|
0-0: Ball 1-0: Ball 2-0: Ball 3-0: Called Strike 3-1: Fly out, F8 (Flyball, 8LS, EV 85.6 MPH)
|
Top of the 6th over - 0 runs, 1 hit, 0 errors, 1 left on base; Ithaca 5 - Ft. Polk South 2 |
BOTTOM OF THE 6TH |
Ft. Polk South Thunder Hawks batting - Pitching for Ithaca Fighting Imps : LHP Armando González
|
Batting: RHB Wendel Koudstaal
|
0-0: Ball 1-0: Ball 2-0: Fly out, F8 (Flyball, 89D, EV 105.0 MPH)
|
Batting: LHB Anton Zdravomyslov
|
0-0: Called Strike 0-1: Ball 1-1: Fly out, F7 (Flyball, 7LSF, EV 96.9 MPH)
|
Batting: LHB Gabriel Obregón
|
0-0: Called Strike 0-1: Ball 1-1: Ball 2-1: Ball 3-1: Fly out, F8 (Flyball, 8RXD, EV 83.8 MPH)
|
Bottom of the 6th over - 0 runs, 0 hits, 0 errors, 0 left on base; Ithaca 5 - Ft. Polk South 2 |
TOP OF THE 7TH |
Ithaca Fighting Imps batting - Pitching for Ft. Polk South Thunder Hawks : RHP Zack Coffey
|
Batting: RHB Pedro Costa
|
0-0: Called Strike 0-1: Swinging Strike 0-2: Ball 1-2: Ball 2-2: Strikes out swinging
|
Batting: LHB Robbie Care
|
0-0: Swinging Strike 0-1: Swinging Strike 0-2: Ball 1-2: Ball 2-2: Ball 3-2: Foul Ball, location: 2F 3-2: Strikes out swinging
|
Batting: LHB Pedro Gonzáles
|
0-0: Called Strike 0-1: Ball 1-1: Ball 2-1: Ball 3-1: Fly out, F8 (Flyball, 8LD, EV 103.8 MPH)
|
Top of the 7th over - 0 runs, 0 hits, 0 errors, 0 left on base; Ithaca 5 - Ft. Polk South 2 |
BOTTOM OF THE 7TH |
Ft. Polk South Thunder Hawks batting - Pitching for Ithaca Fighting Imps : LHP Armando González
|
Batting: SHB Tomás Gálvez
|
0-0: Ball 1-0: Fly out, F9 (Flyball, 89M, EV 91.9 MPH)
|
Batting: RHB Xavier Botín
|
0-0: Foul Ball, location: 2F 0-1: Ground out 4-3 (Groundball, 4, EV 84.4 MPH)
|
Batting: RHB Tora Tora
|
0-0: SINGLE (Flyball, 7LS, EV 90.0 MPH)
|
Pitching: RHP Tian-bai Hou
|
|
Batting: RHB Raúl Colomo
|
0-0: Ball 1-0: Foul Ball, location: 2F 1-1: TRIPLE (Flyball, 7D, EV 88.1 MPH) Tora Tora scores
|
Batting: LHB Don Clark
|
0-0: Ball 1-0: Ball 2-0: SINGLE (Flyball, 34D, EV 88.1 MPH) Raúl Colomo scores
|
Batting: LHB Remco Mastenbroek
|
0-0: Called Strike 0-1: Ball 1-1: Called Strike 1-2: Ball 2-2: Foul Ball, location: 2F 2-2: Foul Ball, location: 2F 2-2: Ball 3-2: Base on Balls Don Clark to second
|
Batting: RHB Wendel Koudstaal
|
0-0: Ball 1-0: Ball 2-0: Ball 3-0: Called Strike 3-1: Fly out, F7 (Line Drive, 7, EV 86.2 MPH)
|
Bottom of the 7th over - 2 runs, 3 hits, 0 errors, 2 left on base; Ithaca 5 - Ft. Polk South 4 |
TOP OF THE 8TH |
Ithaca Fighting Imps batting - Pitching for Ft. Polk South Thunder Hawks : RHP Zack Coffey
|
Batting: RHB Bob Sims
|
0-0: Called Strike 0-1: Ball 1-1: Ground out 5-3 (Groundball, 56S, EV 86.2 MPH)
|
Batting: RHB Daryl Pethick
|
0-0: Called Strike 0-1: Called Strike 0-2: Strikes out looking
|
Batting: SHB Paul Wood
|
0-0: Called Strike 0-1: Foul Ball, location: 2F 0-2: Strikes out looking
|
Top of the 8th over - 0 runs, 0 hits, 0 errors, 0 left on base; Ithaca 5 - Ft. Polk South 4 |
BOTTOM OF THE 8TH |
Ft. Polk South Thunder Hawks batting - Pitching for Ithaca Fighting Imps : RHP Tian-bai Hou
|
Batting: LHB Anton Zdravomyslov
|
0-0: Foul Ball, location: 2F 0-1: SINGLE (Flyball, 78S, EV 91.2 MPH)
|
Pitching: RHP Don Murray
|
|
Batting: LHB Gabriel Obregón
|
0-0: SINGLE (Groundball, 6MD, EV 106.9 MPH) Anton Zdravomyslov to second Runner from 2nd tries for 3rd, SAFE, throw by CF made to third
|
Batting: SHB Tomás Gálvez
|
0-0: Ball 1-0: Ball 2-0: Called Strike 2-1: Foul Ball, location: 2F 2-2: Ground out 6-3 (Groundball, 6, EV 101.9 MPH) Gabriel Obregón to second
|
Batting: RHB Xavier Botín
|
0-0: Swinging Strike 0-1: Foul Ball, location: 2F 0-2: Ball 1-2: Ball 2-2: Strikes out swinging
|
Batting: RHB Tora Tora
|
0-0: Called Strike 0-1: Swinging Strike 0-2: Foul Ball, location: 2F 0-2: Fly out, F9 (Flyball, 89M, EV 93.1 MPH)
|
Bottom of the 8th over - 0 runs, 2 hits, 0 errors, 2 left on base; Ithaca 5 - Ft. Polk South 4 |
TOP OF THE 9TH |
Ithaca Fighting Imps batting - Pitching for Ft. Polk South Thunder Hawks : RHP Zack Coffey
|
Batting: RHB Carlos Valle
|
0-0: Fly out, F9 (Flyball, 9S, EV 90.0 MPH)
|
Pitching: RHP Alan Haas
|
|
Batting: RHB Andy Hicks
|
0-0: Called Strike 0-1: Swinging Strike 0-2: Strikes out swinging
|
Batting: SHB Da-xia Hui
|
0-0: Ball 1-0: Called Strike 1-1: Ball 2-1: Ball 3-1: Swinging Strike 3-2: SOLO HOME RUN (Flyball, 9D, EV 112.5 MPH), Distance : 362 ft
|
Batting: RHB Pedro Costa
|
0-0: Foul Ball, location: 2F 0-1: Swinging Strike 0-2: Strikes out looking
|
Top of the 9th over - 1 run, 1 hit, 0 errors, 0 left on base; Ithaca 6 - Ft. Polk South 4 |
BOTTOM OF THE 9TH |
Ft. Polk South Thunder Hawks batting - Pitching for Ithaca Fighting Imps : RHP Don Murray
|
Batting: RHB Raúl Colomo
|
0-0: Ball 1-0: Foul Ball, location: 2F 1-1: SINGLE (Line Drive, 56, EV 110.0 MPH)
|
Batting: LHB Don Clark
|
0-0: Ball 1-0: Called Strike 1-1: Ball 2-1: Called Strike 2-2: Ball 3-2: Foul Ball, location: 2F 3-2: SINGLE (Groundball, 25, EV 60.0 MPH) (infield hit) Raúl Colomo to second
|
Batting: LHB Remco Mastenbroek
|
0-0: Ball 1-0: SINGLE (Groundball, 34D, EV 101.2 MPH) Raúl Colomo to third Don Clark to second
|
Batting: RHB Wendel Koudstaal
|
0-0: Called Strike 0-1: SINGLE (Line Drive, 78S, EV 96.2 MPH) Raúl Colomo scores Don Clark to third Remco Mastenbroek to second
|
Batting: LHB Anton Zdravomyslov
|
0-0: Called Strike 0-1: Ball 1-1: Swinging Strike 1-2: Ball 2-2: Ball 3-2: Foul Ball, location: 2F 3-2: Foul Ball, location: 2F 3-2: Base on Balls Don Clark scores Remco Mastenbroek to third Wendel Koudstaal to second
|
Pitching: RHP Jesús Solís
|
|
Batting: LHB Gabriel Obregón
|
0-0: Called Strike 0-1: Ball 1-1: Ball 2-1: SINGLE (Groundball, 6M, EV 106.2 MPH) Remco Mastenbroek scores
|
 |
Thursday, June 17th, 2021 - OOTP Baseball 20.8 Build 74
|
|